 Dungeon Crawl Stone Soup version 0.19.0-11-g3fc08b3 (webtiles) character file.

53 Chiseanne the Stinger (level 3, -2/28 HPs)
             Began as a Centaur Venom Mage on Nov 8, 2016.
             Slain by a gnoll (3 damage)
             ... on level 2 of the Dungeon.
             The game lasted 00:01:45 (1281 turns).

Chiseanne the Stinger (Centaur Venom Mage)          Turns: 1281, Time: 00:01:46

Health: -2/28      AC:  7    Str: 10    XL:     3   Next: 64%
Magic:  15/15      EV:  7    Int: 19    God:
Gold:   35         SH:  0    Dex: 15    Spells: 1 memorised, 5 levels left

rFire  . . .     SeeInvis .     e - +0 spear
rCold  . . .     Gourm    .     m - +0 chain mail
rNeg   . . .     Faith    .     (no shield)
rPois  .         Spirit   .     (no helmet)
rElec  .         Reflect  .     (no cloak)
rCorr  .         Harm     .     (no gloves)
MR     .....                    (no barding)
Stlth  ..........               (no amulet)
                                (no ring)
                                d - ring of magical power

@: brilliant, agile, lethally poisoned (-2 -> -12), very quick
A: hooves 3, deformed body, speed 2, tough skin 3
a: no special abilities


You were on level 2 of the Dungeon.
You were not hungry.

You visited 1 branch of the dungeon, and saw 2 of its levels.

You collected 35 gold pieces.

Inventory:

Hand Weapons
 e - a +0 spear (weapon)
Missiles
 g - 65 stones (quivered)
 k - 15 arrows
Armour
 m - a +0 chain mail (worn)
Jewellery
 d - a ring of magical power (left hand)
Potions
 h - a potion of agility
Books
 b - a Young Poisoner's Handbook

   Spells                             Type                      Level
   a - Sting                          Conjuration/Poison           1
   b - Mephitic Cloud                 Conjuration/Poison/Air       3
   c - Olgreb's Toxic Radiance        Poison                       4
   d - Alistair's Intoxication        Transmutation/Poison         5
   e - Venom Bolt                     Conjuration/Poison           5
Comestibles
 c - a bread ration
 f - a fruit
 l - 8 chunks of flesh


   Skills:
 * Level 1.5 Fighting
 * Level 1.8 Dodging
 - Level 1.1 Stealth
 * Level 2.1 Spellcasting
 * Level 3.5 Poison Magic


You had 5 spell levels left.
You knew the following spells:

 Your Spells              Type           Power        Failure   Level  Hunger
a - Sting                 Conj/Pois      ###.         82%         1    #......


Dungeon Overview and Level Annotations

Branches:
Dungeon (2/15)

Altars:


Innate Abilities, Weirdness & Mutations

You have hooves in place of feet.
Armour fits poorly on your strangely shaped body.
You cover ground very quickly.
You have extremely tough skin. (AC +3)


Message History

You feel sick.
It was a potion of agility.
You feel agile all of a sudden.
* * * LOW HITPOINT WARNING * * *
You feel sick.
A gnoll and a dart slug come into view.
It was a potion of brilliance.
You feel clever all of a sudden.
* * * LOW HITPOINT WARNING * * *
You feel sick.
You are too injured to fight recklessly!
A hobgoblin comes into view. It is wielding a club.
* * * LOW HITPOINT WARNING * * *
You feel sick.
The hobgoblin shouts!
The ball python bites you but does no damage.
An adder and a hobgoblin come into view.
The hobgoblin shouts!
The adder hisses angrily.
The gnoll hits you.
You die...

### ..# #.# #^#
########.######
.g.....=....†<##
g...g.Sg.............
.......@......##...##
......>.......# .##
?###..........# #
#.......$..#
#w........g..
#.........$..
#............
#..........S


You could see 2 gnolls, an adder, a dart slug, 2 hobgoblins, a goblin
(wandering) and a ball python.

Vanquished Creatures
  A gnoll (D:1)
  An adder (D:2)
  An ooze (D:1)
  A dart slug (D:1)
  A giant cockroach (D:1)
  5 goblins (D:1)
  5 hobgoblins (D:1)
  5 kobolds (D:1)
  2 ball pythons (D:1)
  2 bats (D:1)
  A frilled lizard (D:1)
  2 rats (D:1)
27 creatures vanquished.

Notes
Turn   | Place    | Note
-------+----------+-------------------------------------------
     0 | D:1      | Chiseanne the Centaur Venom Mage began the quest for the Orb.
     0 | D:1      | Reached XP level 1. HP: 14/14 MP: 3/3
   309 | D:1      | Reached XP level 2. HP: 22/22 MP: 4/4
   457 | D:1      | Reached skill level 1 in Fighting
   735 | D:1      | Reached XP level 3. HP: 5/28 MP: 5/5
  1280 | D:2      | HP: 1/28 [poisoned by an adder]
  1281 | D:2      | Slain by a gnoll

Skill      XL: |  1  2  3 |
---------------+----------+-----
Fighting       | 1 |  1.5
Spellcasting   | 2 |  2.1
Dodging        | |  1.8
Stealth        | |  1.1
Poison Magic   | |  3.5

Action                   || total
-------------------------++-------
Melee: Spear             ||    88
       Kick              ||    12
 Cast: Sting             ||     8
  Use: Potion            ||     2
       Scroll            ||     1
 Stab: Distracted        ||     1
  Eat: Chunk             ||     1
Armor: Robe              ||    22
       Chain mail        ||     7
Dodge: Dodged            ||    27
